 Dungeon Crawl Stone Soup version 0.28-a0-1199-gef9e1dbd39 (webtiles) character file.

Game seed: 2315955139756007689

57 ChaosChampion the Ruffian (level 3, -3/28 HPs)
             Began as a Draconian Transmuter on Dec 19, 2021.
             Slain by Natasha (7 damage)
             ... on level 2 of the Dungeon.
             The game lasted 00:01:18 (1322 turns).

ChaosChampion the Ruffian (Draconian Transmuter)    Turns: 1322, Time: 00:01:18

Health: -3/28      AC:  5    Str: 12    XL:     3   Next: 73%
Magic:  6/6        EV: 12    Int: 15    God:
Gold:   52         SH:  0    Dex: 11    Spells: 3/6 levels left

rFire   . . .      SeeInvis .     - Unarmed
rCold   . . .      Faith    .   (no shield)
rNeg    . . .      Spirit   .   (armour unavailable)
rPois   .          Reflect  .   (helmet currently unavailable)
rElec   .          Harm     .   (no cloak)
rCorr   .          Rampage  .   (no gloves)
Will    .....                   (boots currently unavailable)
Stlth   +.........              e - amulet of regeneration
HPRegen 0.89/turn               (no ring)
MPRegen 0.10/turn               (no ring)

@: appendages (expiring), slowed, very slow
A: horns 2, talons 2, AC +5, unfitting armour, cold-blooded
a: End Transformation


You were on level 2 of the Dungeon.
You had temporarily grown beastly horns and talons.
You visited 1 branch of the dungeon, and saw 2 of its levels.

You collected 52 gold pieces.

Inventory:

Jewellery
 e - an amulet of regeneration (around neck)
Scrolls
 a - 2 scrolls of teleportation {unknown}
Potions
 b - a potion of heal wounds {unknown}
 c - a potion of flight {unknown}
 d - a potion of brilliance {unknown}


   Skills:
 - Level 1.1 Fighting
 - Level 1.7 Dodging
 * Level 4.2 Unarmed Combat
 - Level 2.0 Spellcasting
 + Level 2.8 Transmutations


You had 3 spell levels left.
You knew the following spells:

 Your Spells              Type           Power      Damage    Failure   Level
a - Beastly Appendage     Tmut           20%        N/A       7%          1
b - Wereblood             Tmut           10%        N/A       11%         2

Your spell library contained the following spells:

 Spells                   Type           Power      Damage    Failure   Level
 Spider Form              Tmut/Pois      5%         N/A       36%         3
 Ice Form                 Ice/Tmut       5%         N/A       77%         4


Dungeon Overview and Level Annotations

Branches:
Dungeon (2/15)

Altars:

Annotations:
D:2 Natasha


Innate Abilities, Weirdness & Mutations

You have temporarily grown beastly horns and talons.
Your plain brown scales are hard. (AC +5)
You cannot fit into any form of body armour.
You are cold-blooded and may be slowed by cold attacks.


Message History

There is a strange disturbance nearby!
There is a strange disturbance nearby!
There is a strange disturbance nearby!
Casting: Beastly Appendage (safe; 7% risk of failure)
Confirm with . or Enter, or press ? or * to list all spells.
You grow a pair of large bovine horns.
Your feet morph into talons.
You closely miss something. You claw something. Your headbutt misses something.
You hear some strange, mumbled words.
A magic dart appears from out of thin air!
The magic dart hits you.
You barely miss something. Your kick misses something.
Something claws you but does no damage.
You miss something. Your kick misses something. You tail-slap something.
You hear some strange, mumbled words.
You feel yourself slow down.
You barely miss something. Your headbutt misses something.
Your tail-slap misses something.
Something claws you but does no damage.
You miss something.
Your tail-slap misses something.
Something claws you.
You barely miss something. You headbutt something. Something claws you.
Something claws you!
You miss something. Your kick misses something.
Your transformation is almost over.
Something claws you but does no damage.
You closely miss something.
Your tail-slap misses something.
You hear some strange, mumbled words.
Something claws you but does no damage.
You hit something but do no damage. You claw something.
Your tail-slap misses something.
Something claws you but does no damage.
You hit something. You claw something.
You hear some strange, mumbled words.
A magic dart appears from out of thin air!
The magic dart hits you! Something claws you.
You miss something. Your kick misses something.
Your tail-slap misses something.
Something claws you.
You hit something but do no damage.
Your tail-slap misses something.
Something claws you!
* * * LOW HITPOINT WARNING * * *
You hit something but do no damage. You headbutt something.
Something claws you!
You die...

. .#.... +..... .
..... #....# #
#.#.#.#
#....#.##.#.#.#.#
#................
#...##.# .#....
#.?....## #..##
#.######.......###
#...#
#....5{@..........
#.#.#
#########......#
#.#.#.#
#......###.#.#.#
#..............#
#..##...........
####...............
#.....#............
+........####†#+##.
#..................


You could see a shadow imp (summoned).

Vanquished Creatures
  Robin (D:2)
  A worm (D:1)
  3 dart slugs
  2 ball pythons (D:1)
  4 bats
  3 endoplasms (D:1)
  11 goblins
  2 hobgoblins (D:1)
  3 quokkas (D:1)
  A kobold (D:1)
  4 rats
35 creatures vanquished.

Notes
Turn   | Place    | Note
-------+----------+-------------------------------------------
     0 | D:1      | ChaosChampion the Draconian Transmuter began the quest for
                  | the Orb.
     0 | D:1      | Reached XP level 1. HP: 16/16 MP: 3/3
   113 | D:1      | Reached XP level 2. HP: 19/23 MP: 5/5
   205 | D:1      | Learned a level 2 spell: Wereblood
   432 | D:1      | Found a faded altar of an unknown god.
   823 | D:2      | Reached XP level 3. HP: 28/28 MP: 2/6
   824 | D:2      | Noticed Robin
   854 | D:1      | Reached skill level 4 in Unarmed Combat
  1091 | D:2      | Killed Robin
  1306 | D:2      | Noticed Natasha
  1322 | D:2      | Slain by Natasha

Illustrated notes

Levels and vault maps discovered:
D:1:      evilmike_arrival_crescent, layout_rooms,
          nicolae_ecumenical_snake_handling
D:2:      layout_basic, serial_park_tiny_pond, uniq_robin, uniq_natasha

Skill      XL: |  1  2  3 |
---------------+----------+-----
Unarmed Combat | 4 |  4.2
Fighting       | |  1.1
Dodging        | |  1.7
Spellcasting   | |  2.0
Transmutations | |  2.8

Action                   || total
-------------------------++-------
Melee: Unarmed           ||   109
       Kick              ||    15
       Tailslap          ||    12
       Headbutt          ||     5
 Cast: Beastly Appendage ||    18
       Wereblood         ||     4
 Stab: Sleeping          ||     1
Armor: Skin              ||    40
Dodge: Dodged            ||    83

Table legend: (Time is in decaauts)
 A = Elapsed time spent in this place.
 B = Non-inter-level travel time spent in this place.
 C = Inter-level travel time spent in this place.
 D = Time resting spent in this place.
 E = Time spent auto-exploring this place.
 F = Levels seen in this place.
 G = Mean time per level.
                   A        B        C        D        E       F      G
               +--------+--------+--------+--------+--------+-----+--------+
         Total |   1321 |   1271 |     50 |    191 |    807 |   2 |  660.5 |
       Dungeon |   1321 |   1271 |     50 |    191 |    807 |   2 |  660.5 |
               +--------+--------+--------+--------+--------+-----+--------+

Top non-repeatable levels by time:
     D:1: 1026 daAuts
     D:2: 294 daAuts
